 Dungeon Crawl Stone Soup version 0.24.0-7-gb3623d2c88 (webtiles) character file.

Game seed: 17742987895940334363, levelgen mode: deterministic

254 Aviak the Skirmisher (level 6, -1/53 HPs)
             Began as a Hill Orc Artificer on Nov 2, 2019.
             Slain by an ogre
             ... wielding a +0 giant club
              (5 damage)
             ... on level 4 of the Dungeon.
             The game lasted 00:08:25 (3735 turns).

Aviak the Skirmisher (Hill Orc Artificer)           Turns: 3735, Time: 00:08:26

Health: -1/53      AC:  8    Str: 15    XL:     6   Next: 14%
Magic:  8/8        EV:  7    Int: 11    God:
Gold:   167        SH:  0    Dex: 11    Spells: 5/5 levels left

rFire    . . .     SeeInvis .   k - +0 war axe
rCold    . . .     Gourm    .   (no shield)
rNeg     . . .     Faith    .   q - -2 chain mail (curse)
rPois    .         Spirit   .   (no helmet)
rElec    .         Reflect  .   (no cloak)
rCorr    .         Harm     .   o - +1 pair of gloves
MR       +....                  (no boots)
Stlth    ..........             (no amulet)
HPRegen  0.17/turn              (no ring)
MPRegen  0.11/turn              (no ring)

@: no status effects
A: magic resistance 1, weak 1
a: no special abilities


You were on level 4 of the Dungeon.
You were not hungry.

You visited 1 branch of the dungeon, and saw 4 of its levels.

You collected 167 gold pieces.

Inventory:

Hand Weapons
 a - a +0 short sword
 k - a +0 war axe (weapon)
Armour
 b - a +0 leather armour
 h - a scarf of resistance
 m - a +0 cloak
 o - a +1 pair of gloves (worn)
 q - a cursed -2 chain mail (worn)
Wands
 d - a wand of enslavement (6)
 e - a wand of random effects (4)
Scrolls
 c - a scroll of enchant armour {unknown}
 g - 4 scrolls of identify {unknown}
 i - 2 scrolls of immolation {unknown}
 l - 2 scrolls of amnesia {unknown}
 n - a scroll of teleportation {unknown}
 p - 2 scrolls of blinking {unknown}
 r - 5 scrolls of remove curse
 s - a scroll of magic mapping {unknown}
 t - a scroll of noise {unknown}
 u - a scroll of random uselessness {unknown}
Potions
 j - 2 potions of lignification {!q}
 w - 3 potions of heal wounds {unknown}
Comestibles
 f - 7 rations
 v - 4 chunks of flesh


   Skills:
 + Level 4.6 Fighting
 - Level 1.0 Short Blades
 + Level 3.0 Axes
 + Level 2.4 Armour
 - Level 2.7 Dodging
 - Level 0.7 Stealth
 - Level 3.0 Evocations


You had 5 spell levels left.
You didn't know any spells.
Your spell library was empty.

Dungeon Overview and Level Annotations

Branches:
Dungeon (4/15)
 Temple: D:4-7

Altars:
Fedhas
Okawaru

Annotations:
D:2 Sigmund


Innate Abilities, Weirdness & Mutations

You are resistant to hostile enchantments. (MR+)
You are weak. (Str -2)


Message History

Attack!
Your orc priest hits the ogre with a +0 mace.
The ogre closely misses your orc priest.
Your orc priest hits the ogre with a +0 mace!
The ogre hits your orc priest with a +0 giant club!!
Your orc priest dies!
The orc wizard shouts!
You hit the ogre.
The ogre is almost dead.
The ogre hits you but does no damage.
Your chain mail prevents you from hitting the ogre.
The ogre is almost dead.
The ogre hits you with a +0 giant club!
* * * LOW HITPOINT WARNING * * *
The orc wizard mumbles some strange words.
The orc wizard seems to speed up.
You hit the ogre.
The ogre is almost dead.
The ogre hits you with a +0 giant club.
You die...

########### ########
..........######......#
####........##......#
#.###............# #
#.#########.....># #.
#..### #......### ..
##...## ######....
#.#######).# #....
#.).o).O@#.....# ####....
#.)######.#####...........
#. #..# #####.... # ##...
#.... ##.. ##....
###.#####.....
#.....#.##.# #.รท.##.#
#..###..


You could see an ogre and an orc wizard.

Vanquished Creatures
  A phantom (D:4)
  An orc wizard (D:4)
  5 adders
  2 oozes
  An adder skeleton (D:4)
  2 worms (D:2)
  A dart slug (D:4)
  3 leopard geckos
  6 orcs
  4 giant cockroaches
  8 goblins
  4 hobgoblins
  4 jackals (D:3)
  5 bats
  4 frilled lizards
  7 kobolds
  11 rats
69 creatures vanquished.

Vanquished Creatures (collateral kills)
  An orc (D:4)
  A rat (D:2)
2 creatures vanquished.

Vanquished Creatures (others)
  2 orc priests (D:4)
2 creatures vanquished.

Grand Total: 73 creatures vanquished

Notes
Turn   | Place    | Note
-------+----------+-------------------------------------------
     0 | D:1      | Aviak the Hill Orc Artificer began the quest for the Orb.
     0 | D:1      | Reached XP level 1. HP: 16/16 MP: 3/3
    82 | D:1      | Reached skill level 2 in Fighting
    82 | D:1      | Reached XP level 2. HP: 12/24 MP: 4/4
   505 | D:1      | Reached XP level 3. HP: 9/30 MP: 5/5
  1049 | D:2      | Found a blossoming altar of Fedhas.
  1074 | D:2      | Reached skill level 3 in Fighting
  1553 | D:2      | Reached XP level 4. HP: 25/38 MP: 6/6
  1870 | D:2      | Noticed Sigmund
  1897 | D:2      | Gained mutation: You have supernaturally acute eyesight.
                  | (SInv) [potion of mutation]
  1897 | D:2      | Lost mutation: You have supernaturally acute eyesight.
                  | (SInv) [potion of mutation]
  1897 | D:2      | Gained mutation: You are weak. (Str -2) [potion of
                  | mutation]
  1897 | D:2      | Gained mutation: You are resistant to hostile enchantments.
                  | (MR+) [potion of mutation]
  1901 | D:2      | HP: 2/57 [something (6)]
  3245 | D:3      | Found an iron altar of Okawaru.
  3316 | D:4      | Noticed a phantom
  3348 | D:4      | Killed a phantom
  3348 | D:4      | Reached skill level 4 in Fighting
  3348 | D:4      | Reached skill level 1 in Armour
  3348 | D:4      | Reached XP level 5. HP: 16/46 MP: 7/7
  3688 | D:4      | Reached XP level 6. HP: 27/53 MP: 8/8
  3735 | D:4      | Slain by an ogre

Levels and vault maps discovered:
D:1:      dpeg_arrival_chase, layout_rooms
D:2:      layout_basic, fedhas_altar_1, uniq_sigmund
D:3:      layout_basic, lemuel_coloured_pillars_altar
D:4:      layout_rooms, chequers_serial_rivers_small_3

Skill      XL: |  1  2  3  4  5 |
---------------+----------------+-----
Fighting       | 2 3 4 |  4.6
Dodging        | 2 |  2.7
Axes           | 2 3 |  3.0
Armour         | 1 2 |  2.4
Short Blades   | |  1.0
Stealth        | |  0.7
Evocations     | |  3.0

Action                   |  1- 3 |  4- 6 || total
-------------------------+-------+-------++-------
Melee: Short sword       |   129 |    36 ||   165
       War axe           |       |   121 ||   121
Evoke: Wand              |     9 |    26 ||    35
  Use: Potion            |       |     4 ||     4
       Scroll            |       |     1 ||     1
  Eat: Chunk             |     2 |     4 ||     6
       Ration            |       |     1 ||     1
Armor: Leather armour    |    31 |    11 ||    42
       Chain mail        |       |    65 ||    65
       Skin              |       |    26 ||    26
Dodge: Dodged            |    77 |    84 ||   161
